 Dungeon Crawl Stone Soup version 0.28-a0-381-g937acc2988 (webtiles) character file.

Game seed: 8405822439880749189

586 Leszczynek the Fighter (level 7, -1/62 HPs)
             Began as a Human Gladiator on Aug 31, 2021.
             Was an Initiate of Okawaru.
             Slain by a hornet (15 damage)
             ... on level 5 of the Dungeon on Sept 1, 2021.
             The game lasted 00:14:40 (1873 turns).

Leszczynek the Fighter (Human Gladiator)            Turns: 1873, Time: 00:14:41

Health: -1/62      AC:  6    Str: 15    XL:     7   Next: 65%
Magic:  7/7        EV: 11    Int: 10    God:    Okawaru [......]
Gold:   187        SH:  0    Dex: 14    Spells: 6/6 levels left

rFire   + . .      SeeInvis .   a - +0 quarterstaff
rCold   + . .      Faith    .   (shield currently unavailable)
rNeg    . . .      Spirit   .   i - +0 ring mail
rPois   +          Reflect  .   c - +0 helmet
rElec   +          Harm     .   (no cloak)
rCorr   +          Rampage  .   (no gloves)
Will    .....                   (no boots)
Stlth   +.........              (no amulet)
HPRegen 0.20/turn               (no ring)
MPRegen 0.10/turn               (no ring)

@: resistant, attractive, slowed, very slow
A: no striking features
a: Renounce Religion


You were on level 5 of the Dungeon.
You worshipped Okawaru.
Okawaru was noncommittal.
You visited 2 branches of the dungeon, and saw 6 of its levels.
You also visited: Ossuary.

You collected 187 gold pieces.

Inventory:

Hand Weapons
 a - a +0 quarterstaff (weapon)
 p - a +0 flail
Missiles
 f - 37 arrows
 r - 24 bolts
Armour
 b - a +0 leather armour
 c - a +0 helmet (worn)
 g - a +0 leather armour of willpower
 i - a +0 ring mail (worn)
 m - a +1 leather armour of poison resistance
Magical Staves
 k - a staff of earth
Scrolls
 n - 3 scrolls of magic mapping
 o - a scroll of vulnerability {unknown}
Potions
 e - 2 potions of brilliance


   Skills:
 - Level 8.0 Fighting
 + Level 3.0 Staves
 - Level 2.0 Throwing
 - Level 3.0 Dodging


You had 6 spell levels left.
You didn't know any spells.
Your spell library was empty.

Dungeon Overview and Level Annotations

Branches:
Dungeon (5/15)             Temple (1/1) D:5         Ossuary (visited)

Altars:
Ashenzari
Elyvilon
Fedhas
Kikubaaqudgha
Makhleb
Nemelex Xobeh
Okawaru
Qazlal
Trog
Vehumet
Xom
Yredelemnul
The Shining One

Shops:
D:1 (   D:3 [


Message History

Enter note: uhhhhh
As you read the scroll of identify {@r1}, it crumbles to dust.
l - a potion of resistance You feel protected.
You hit the hornet.
The hornet is lightly wounded.
The hornet barely misses you. The hornet completely misses you.
You barely miss the hornet.
The hornet is lightly wounded.
The hornet stings you.
You are poisoned.
Throw: throwing net
Press: ? - help, Q - select action Shift-Dir - straight line, f - hornet
Aim: a hornet (lightly wounded, 51% to hit)
You throw a throwing net. The throwing net misses the hornet.
You feel sick.
The hornet stings you but does no damage.
The hornet stings you.
You hit the hornet.
The hornet is lightly wounded.
You feel sick. The hornet stings you.
You suddenly lose the ability to move!
You can move again.
You hit the hornet but do no damage.
The hornet is lightly wounded.
You feel sick. The hornet stings you.
The hornet stings you but does no damage.
You closely miss the hornet.
The hornet is lightly wounded.
You feel sick. The hornet stings you!
You feel yourself slow down. The hornet stings you.
It was a potion of attraction.
You feel attractive to monsters.
You feel sick.
The hornet stings you but does no damage.
The hornet stings you.
* * * LOW HITPOINT WARNING * * *
You feel as though you will be slow longer.
Unknown command.
You feel better. The hornet stings you!
You die...

# #.# # #. ##.## #.#. #.†.#
#... ## #...# #### ..≈
#...###### # .. #........#####
# #.###########...####......
.##.#.#..........>.......†####
....#.....#(y@..............##
#.......#...............#...
###.......#####...####......
#.......# ###............#
#.......# #......#..#.....
##########...###
#.#.>..##....#..
#.......##...#
#.#....#..#.###.
..#####.###.##
#....#..##..###. #.### #.# #.#
#.####.##...##..


You could see a hornet.

Vanquished Creatures
  A water moccasin (D:5)
  A sky beast (D:5)
  2 scorpions
  2 centaur zombies
  A jelly (D:5)
  An iguana (D:5)
  2 scorpion zombies (Ossuary)
  An orc wizard (D:4)
  2 worms
  4 orcs
  11 ball pythons
  4 bats
  3 endoplasms
  12 giant cockroaches
  A goblin (D:1)
  5 hobgoblins
  7 kobolds
  3 quokkas
  2 frilled lizards (D:2)
  2 goblin zombies (D:4)
  2 orc zombies (Ossuary)
  5 rats
74 creatures vanquished.

Vanquished Creatures (others)
  3 plants (D:2)
3 creatures vanquished.

Grand Total: 77 creatures vanquished

Notes
Turn   | Place    | Note
-------+----------+-------------------------------------------
     0 | D:1      | Leszczynek the Human Gladiator began the quest for the Orb.
     0 | D:1      | Reached XP level 1. HP: 16/16 MP: 1/1
    78 | D:1      | Reached XP level 2. HP: 17/23 MP: 2/2
   120 | D:1      | Found a faded altar of an unknown god.
   134 | D:1      | Found Uziduuw's Antique Weapon Shop.
   197 | D:2      | Found an ancient bone altar of Kikubaaqudgha.
   205 | D:2      | Reached skill level 3 in Fighting
   270 | D:2      | Reached XP level 3. HP: 20/29 MP: 3/3
   518 | D:3      | Upgraded the game from 0.28-a0-313-gbc0475efdd to
                  | 0.28-a0-381-g937acc2988
   537 | D:3      | Found Cavunoele's Antique Armour Emporium.
   582 | D:2      | Reached skill level 4 in Fighting
   582 | D:2      | Reached XP level 4. HP: 25/37 MP: 4/4
   816 | D:4      | Found a sand-covered staircase.
   878 | Ossuary  | Entered an ossuary
   890 | Ossuary  | Reached XP level 5. HP: 36/43 MP: 5/5
   923 | Ossuary  | Reached skill level 5 in Fighting
  1032 | Ossuary  | Reached XP level 6. HP: 34/52 MP: 6/6
  1072 | Ossuary  | Reached skill level 6 in Fighting
  1090 | D:4      | n i c e
  1349 | D:5      | Entered Level 5 of the Dungeon
  1443 | D:5      | Reached XP level 7. HP: 22/59 MP: 7/7
  1460 | D:5      | HP: 7/59 [iguana (10)]
  1466 | D:5      | Reached skill level 7 in Fighting
  1627 | D:5      | Found a staircase to the Ecumenical Temple.
  1643 | Temple   | Entered the Ecumenical Temple
  1692 | Temple   | Became a worshipper of Warmaster Okawaru
  1814 | D:5      | Noticed a water moccasin
  1832 | D:5      | Killed a water moccasin
  1833 | D:5      | Reached skill level 8 in Fighting
  1861 | D:5      | Noticed a hornet
  1862 | D:5      | uhhhhh
  1869 | D:5      | Paralysed by a hornet for 1 turns
  1872 | D:5      | HP: 9/62 [hornet (5)]
  1873 | D:5      | Slain by a hornet

Illustrated notes

* *,*>,,,,,,,,,,,,,,,,,,,,,,,,, *
*,*,*,,,,*,,**,,******,*****, *
*,,,,,,,,,,,,,,.,,,,,,,,,,,,, *
***,**,*,**,***.##*****,****, *
*,**,*,,,,,,,...,,,,,,,,,,, *
****,**,**,######.##****,*****
****,,,,,,,,,,#....#..#****,*****
,,,*,**,,,,,,,#..###..+,,,,,,,,,,
**,*,**,,,,,,,#.@.....#***#.#####
*,*,**,,,,,,,#..###..# #.#....
*,*,**,,,,,#,#....#..# #.#....
*,*,**,,,,,..######..# #.#....
*,*,**,,,,,..........# #.#....
*,*,**,,,,,#......<..# #.#....
*,*,**,*,,*..........#####.#....
*,*,**,,,,,................'....
*,*,**,*,,*.##+##.########.#....


Turn 1090 on D:4: n i c e ##. #.# # #.# # ##.## #. #.†.# #. ## #...# ## ..≈
#...###### .. #........### # #.###########...####....
.##.#.#....@.....>.......†## ....#.y...#.................
#.......#...............#. ###.......#####...####.... #.......# ###...........
#.......# #......#..#... ##########...### #.#.>..##....# ###.......##...#
#.#....#..#.## ....#####.###.## #....#..##..## Turn 1862 on D:5: uhhhhh

Levels and vault maps discovered:
D:1:      wheals_arrival_shading, layout_basic, serial_shops, shop,
          shapermc_ecumenical_altar_totnotflames, nrook_uturn
D:2:      minmay_roachtagon, layout_basic, serial_forest,
          infiniplex_forest_clump_diagonal, infiniplex_forest_clump_diagonal,
          infiniplex_forest_straight_2, infiniplex_forest_clump_medium,
          infiniplex_forest_end_2, infiniplex_forest_clump_curved,
          infiniplex_forest_lined_room_2, infiniplex_forest_end_3, basic_altar
D:3:      layout_loops_cross, serial_shops, nicolae_shop_behind_doors,
          serial_park_tiny_2
D:4:      layout_basic, led_sif_book, enter_ossuary_4, minmay_misc_feat_rows,
          sigmund_army
D:5:      layout_loops_cross, mainiacjoe_overflow_alcove_3,
          mainiacjoe_overflow_alcove_4, minmay_temple_entry_wispy
Temple:   cyrus_circular_temple

Skill      XL: |  1  2  3  4  5  6  7 |
---------------+----------------------+-----
Fighting       | 3 4 5 6 8 |  8.0
Staves         | |  3.0
Throwing       | |  2.0
Dodging        | |  3.0

Action                   |  1- 3 |  4- 6 |  7- 9 || total
-------------------------+-------+-------+-------++-------
Melee: Quarterstaff      |   104 |   143 |    40 ||   287
Throw: Throwing net      |       |     4 |     2 ||     6
  Use: Scroll            |       |     4 |     2 ||     6
       Potion            |       |     1 |     6 ||     7
 Stab: Held in net/web   |       |     1 |       ||     1
Armor: Leather armour    |    25 |       |       ||    25
       Ring mail         |    32 |    51 |    18 ||   101
Dodge: Dodged            |    70 |    90 |    18 ||   178

Table legend: (Time is in decaauts)
 A = Elapsed time spent in this place.
 B = Non-inter-level travel time spent in this place.
 C = Inter-level travel time spent in this place.
 D = Time resting spent in this place.
 E = Time spent auto-exploring this place.
 F = Levels seen in this place.
 G = Mean time per level.
                   A        B        C        D        E       F      G
               +--------+--------+--------+--------+--------+-----+--------+
         Total |   1960 |   1940 |     20 |      0 |      0 |   7 |  280.0 |
       Dungeon |   1679 |   1659 |     20 |      0 |      0 |   5 |  335.8 |
        Temple |     54 |     54 |      0 |      0 |      0 |   1 |   54.0 |
       Ossuary |    225 |    225 |      0 |      0 |      0 |   1 |  225.0 |
               +--------+--------+--------+--------+--------+-----+--------+

Top non-repeatable levels by time:
     D:5: 486 daAuts
     D:4: 407 daAuts
     D:2: 335 daAuts
     D:1: 292 daAuts
 Ossuary: 225 daAuts
     D:3: 157 daAuts
  Temple: 54 daAuts
